 Dungeon Sprint DCSS version 0.29.1-12-g30fa7ad0bf (webtiles) character file.

Game seed: 6883015267702007743

3328 Groucho the Covert (level 10, -1/71 HPs)
             Began as an Octopode Transmuter on Dec 17, 2022.
             Was the Champion of Dithmenos.
             Slain by a steam dragon (7 damage)
             ... in the Dungeon (Sprint VII: "The Pits").
             The game lasted 00:09:45 (4408 turns).

Groucho the Covert (Octopode Transmuter)            Turns: 4408, Time: 00:09:46

Health: -1/71      AC:  2    Str: 10    XL:     10   Next: 2%
Magic:  18/20      EV: 15    Int: 19    God:    Dithmenos [******]
Gold:   0          SH:  0    Dex: 24    Spells: 13/23 levels left

rFire   . . .      SeeInvis .     - Unarmed
rCold   . . .      Faith    .   (shield currently unavailable)
rNeg    . . .      Spirit   .   (helmet currently unavailable)
rPois   x          Reflect  .   (no amulet)
rElec   .          Harm     .   d - +3 ring of dexterity
rCorr   .          Rampage  .   g - +3 ring of dexterity
Will    .....      NoTele   +   (no ring) Stlth *+++++++++
                                (no ring)
HPRegen 0.21/turn               (no ring)
MPRegen 0.17/turn               (no ring)
                                (no ring)
                                (no ring)

@: spider-form, petrifying (expiring), wereblooded, wreathed by umbra, very slow
A: venomous fangs, almost no armour, (amphibious), 8 rings, tiny, (camouflage
1), (gelatinous body 1), (nimble swimmer 1), (tentacles)
a: End Transformation, Renounce Religion, Shadow Step, Shadow Form


You were in the Dungeon.
You worshipped Dithmenos.
Dithmenos was exalted by your worship.
You were a venomous arachnid creature.
You visited 1 branch

Inventory:

Missiles
 k - 10 stones
Jewellery
 d - a +3 ring of dexterity (left front leg)
 g - a +3 ring of dexterity (right front leg)
Scrolls
 i - 5 scrolls of amnesia
 j - a scroll of summoning
Potions
 a - a potion of lignification
 b - 4 potions of curing
 c - 4 potions of heal wounds
 e - 4 potions of magic
 f - 4 potions of berserk rage
 h - 2 potions of invisibility
 l - a potion of haste
 m - a potion of resistance
 n - 3 potions of mutation


   Skills:
 + Level 7.4 Fighting
 + Level 8.8 Dodging
 + Level 13.2 Stealth
 * Level 10.9 Unarmed Combat
 + Level 7.0 Spellcasting
 * Level 10.7 Transmutations
 + Level 7.1 Poison Magic


You had 13 spell levels left.
You knew the following spells:

 Your Spells              Type           Power      Damage    Failure   Level
a - Beastly Appendage     Tmut           94%        N/A       1%          1
b - Wereblood             Tmut           47%        N/A       2%          2
c - Spider Form           Tmut/Pois      40%        N/A       4%          3
d - Ice Form              Ice/Tmut       27%        N/A       26%         4

Your spell library contained the following spells:

 Spells                   Type           Power      Damage    Failure   Level


Dungeon Overview and Level Annotations

Branches:
Dungeon (1/1)

Altars:
Ashenzari
Cheibriados
Dithmenos
Elyvilon
Fedhas
Gozag
Hepliaklqana
Kikubaaqudgha
Makhleb
Nemelex Xobeh
Okawaru
Qazlal
Ru
Sif Muna
Trog
Uskayaw
Vehumet
Wu Jian
Xom
Yredelemnul
Zin
The Shining One
Jiyva
Lugonu


Innate Abilities, Weirdness & Mutations

You are a venomous arachnid creature.
You have poisonous fangs.
You are tiny and dextrous.
Your spellcasting is less reliable in this form.
Your armour is entirely melded.
You are incapable of wielding weapons or throwing items.
You cannot wear most types of armour.
((You are amphibious.))
You can wear up to eight rings at the same time.
((Your skin changes colour to match your surroundings (Stealth+).))
((Your rubbery body absorbs attacks. (AC +1, EV +1)))
((You are camouflaged when in or above water. (Stealth+)))
((You have tentacles for arms and can constrict up to eight enemies at once.))


Message History

Unknown command.
An eidolon and a spriggan come into view.
The spriggan is wielding a +0 short sword and wearing a +2 robe of willpower.
An adder skeleton comes into view.
A bat zombie comes into view.
There is an open door here.
You hiss as the wereblood boils in your veins!
There is an open door here.
You hiss as the wereblood boils in your veins!
The basilisk hisses angrily.
The steam dragon hisses angrily.
You hear a croak.
You hiss as the wereblood boils in your veins!
A cane toad comes into view.
You are too injured to fight recklessly!
You bite the basilisk!
The basilisk is poisoned.
The basilisk is moderately wounded.
Your shadow closely misses the basilisk.
Unknown command.
You hit the basilisk but do no damage.
The basilisk looks as sick as possible!
The basilisk is moderately wounded.
Your shadow hits the basilisk. The basilisk gazes at you.
You are slowing down.
Okay, then.
Okay, then.
You hit the basilisk but do no damage.
The basilisk is heavily wounded.
The basilisk bites you. The steam dragon breathes steam at you.
The ball of steam hits you!
Your limbs are stiffening.
Unknown command.
Unknown command.
Unknown command.
You barely miss the basilisk.
The basilisk is heavily wounded.
You are engulfed in a cloud of scalding steam.
* * * LOW HITPOINT WARNING * * *
The basilisk gazes at you. You resist with some effort. The basilisk bites you!
* * * LOW HITPOINT WARNING * * *
The steam dragon bites you!
You die...

.##.......##......# ...
.##.......##......# ....
###...<...###....## ####...##
.##.......# ##''## ###..'...'
.##.......###....###....# '## .
###.......##......#....##...##.
.###########......'....†.....'
############.....§#....##...##
#....#..[[###..Ds###....##'##..Z
#....#..[[# ##'l## ###..'...'.W#
'....'..))# #.... ####...####
#....#..))##..... ....J#
#....#..))##..... .....i#
################ #######


You could see a basilisk (extremely poisoned) and a steam dragon (catching
breath).

Vanquished Creatures
  Pikel (D)
  A merfolk (D)
  A hornet (D)
  A troll (D)
  A tarantella (D)
  Sigmund (D)
  6 yaks (D)
  Grum (D)
  A steam dragon (D)
  A warg (D)
  5 wolves (D)
  A phantom (D)
  A scorpion (D)
  An orc priest (D)
  A hound (D)
  An iron imp (D)
  An orc wizard (D)
  A mummy (D)
  An orc (D)
  2 bat zombies (D)
  A giant cockroach (D)
  A goblin (D)
  A hobgoblin (D)
  3 quokkas (D)
  A ball python (D)
  A ball python skeleton (D)
  A bat (D)
  2 rats (D)
41 creatures vanquished.

Notes
Turn   | Place    | Note
-------+----------+-------------------------------------------
     0 | D        | Groucho the Octopode Transmuter began the quest for the
                  | Orb.
     0 | D        | Reached XP level 1. HP: 13/13 MP: 3/3
    15 | D        | Reached skill level 1 in Stealth
    38 | D        | Found a bloodstained altar of Trog.
    38 | D        | Found a shimmering blue altar of Sif Muna.
    38 | D        | Found a viscous altar of Jiyva.
    38 | D        | Found a hazy altar of Hepliaklqana.
    38 | D        | Found an opulent altar of Gozag.
    39 | D        | Found a glowing golden altar of the Shining One.
    39 | D        | Found a glowing silver altar of Zin.
    39 | D        | Found a basalt altar of Yredelemnul.
    39 | D        | Found a shimmering altar of Xom.
    39 | D        | Found an ornate altar of the Wu Jian Council.
    39 | D        | Found a sacrificial altar of Ru.
    39 | D        | Found a stormy altar of Qazlal.
    39 | D        | Found an iron altar of Okawaru.
    39 | D        | Found a sparkling altar of Nemelex Xobeh.
    39 | D        | Found a burning altar of Makhleb.
    39 | D        | Found a blossoming altar of Fedhas.
    39 | D        | Found a white marble altar of Elyvilon.
    39 | D        | Found a shadowy altar of Dithmenos.
    39 | D        | Found a snail-covered altar of Cheibriados.
    41 | D        | Found a radiant altar of Vehumet.
    41 | D        | Found a corrupted altar of Lugonu.
    42 | D        | Found a hide-covered altar of Uskayaw.
    42 | D        | Found an ancient bone altar of Kikubaaqudgha.
    42 | D        | Found a broken altar of Ashenzari.
    57 | D        | Became a worshipper of Dithmenos the Shadowed
   520 | D        | Reached * piety under Dithmenos
   525 | D        | Reached skill level 2 in Stealth
   804 | D        | Noticed a scorpion
   804 | D        | Noticed an iron imp
   812 | D        | Reached XP level 2. HP: 18/18 MP: 3/5
   821 | D        | Killed a scorpion
   821 | D        | Reached ** piety under Dithmenos
   822 | D        | Reached skill level 4 in Stealth
   822 | D        | Reached XP level 3. HP: 7/25 MP: 4/7
   822 | D        | Reached XP level 4. HP: 8/30 MP: 4/8
  1249 | D        | Reached skill level 5 in Stealth
  1326 | D        | Reached *** piety under Dithmenos
  1330 | D        | Reached skill level 5 in Unarmed Combat
  1330 | D        | Reached XP level 5. HP: 19/36 MP: 8/10
  1334 | D        | Learned a level 2 spell: Wereblood
  1338 | D        | Learned a level 3 spell: Spider Form
  1343 | D        | Learned a level 4 spell: Ice Form
  1355 | D        | Noticed a wolf
  1356 | D        | Noticed a warg
  1762 | D        | Killed a wolf
  1763 | D        | Reached skill level 5 in Dodging
  1763 | D        | Reached skill level 7 in Stealth
  1763 | D        | Reached skill level 5 in Transmutations
  1778 | D        | Killed a warg
  1779 | D        | Reached skill level 8 in Stealth
  1779 | D        | Reached XP level 6. HP: 21/43 MP: 9/12
  1781 | D        | Reached **** piety under Dithmenos
  2166 | D        | Noticed a merfolk
  2173 | D        | Killed a merfolk
  2174 | D        | Reached skill level 9 in Stealth
  2174 | D        | Reached XP level 7. HP: 28/49 MP: 12/14
  2479 | D        | Noticed Sigmund
  2485 | D        | Killed Sigmund
  2486 | D        | Reached skill level 5 in Fighting
  2486 | D        | Reached skill level 10 in Stealth
  2486 | D        | Reached skill level 5 in Spellcasting
  2493 | D        | Reached ***** piety under Dithmenos
  2654 | D        | Noticed a hornet
  2694 | D        | Noticed a troll
  2715 | D        | Killed a troll
  2716 | D        | Reached skill level 11 in Stealth
  2716 | D        | Reached XP level 8. HP: 40/56 MP: 10/16
  3008 | D        | Paralysed by a hornet for 1 turns
  3012 | D        | Killed a hornet
  3569 | D        | Noticed Pikel
  3569 | D        | Noticed a tarantella
  3699 | D        | Noticed Grum
  3741 | D        | Killed a tarantella
  3742 | D        | Reached skill level 12 in Stealth
  3742 | D        | Reached skill level 5 in Poison Magic
  3742 | D        | Reached XP level 9. HP: 42/62 MP: 16/18
  3755 | D        | Killed Pikel
  3756 | D        | Reached skill level 10 in Unarmed Combat
  4028 | D        | Killed Grum
  4028 | D        | Reached ****** piety under Dithmenos
  4062 | D        | Reached skill level 10 in Transmutations
  4093 | D        | Reached skill level 13 in Stealth
  4393 | D        | Reached XP level 10. HP: 30/71 MP: 15/20
  4394 | D        | Noticed an eidolon
  4404 | D        | Noticed a cane toad
  4408 | D        | Slain by a steam dragon

Illustrated notes

Levels and vault maps discovered:
D:        pitsprint [storerooms_1, entrance_room_1, metal_vault_2, armoury_2,
          mini_pit_1, grid_room_1, main_hall_1, silver_pit, the_coven_1,
          the_vestibule_1, steel_vault_3, golden_pit, hallway_of_sentries,
          crystal_vault_4, iron_vault_5, final_vault]

Skill      XL: |  1  2  3  4  5  6  7  8  9 |
---------------+----------------------------+-----
Stealth        | 2 4 5 8 9 11 12 13 | 13.2
Fighting       | 2 3 4 5 6 7 |  7.4
Dodging        | 3 4 6 7 8 |  8.8
Unarmed Combat | 4 5 6 7 8 9 10 | 10.9
Transmutations | 3 4 6 7 8 9 10 | 10.7
Spellcasting   | 3 4 5 6 7 |  7.0
Poison Magic   | 2 3 5 7 |  7.1

Action                   |  1- 3 |  4- 6 |  7- 9 | 10-12 || total
-------------------------+-------+-------+-------+-------++-------
Melee: Unarmed           |    21 |    51 |   106 |     4 ||   182
       Constrict         |     7 |    10 |     2 |       ||    19
       Kick              |     4 |    21 |     8 |       ||    33
       Tentacles         |     6 |    15 |     8 |       ||    29
       Punch             |       |     2 |     2 |       ||     4
 Cast: Beastly Appendage |     5 |     6 |     3 |       ||    14
       Wereblood         |       |     1 |     5 |       ||     6
       Spider Form       |       |       |     8 |       ||     8
       Ice Form          |       |       |     1 |       ||     1
  Use: Potion            |       |     4 |     7 |       ||    11
       Scroll            |       |     1 |       |       ||     1
 Stab: Sleeping          |     2 |     4 |     3 |       ||     9
Armor: Skin              |     4 |     1 |     1 |       ||     6
Dodge: Dodged            |    24 |    32 |   141 |       ||   197
